 Dungeon Crawl Stone Soup version 0.28-a0-563-gf77a47075d (webtiles) character file.

Game seed: 15502369056283814805

100 bande the Skirmisher (level 4, -1/29 HPs)
             Began as a Gargoyle Fighter on Sept 30, 2021.
             Slain by a gnoll (5 damage)
             ... on level 3 of the Dungeon.
             The game lasted 00:02:23 (2234 turns).

bande the Skirmisher (Gargoyle Fighter)             Turns: 2234, Time: 00:02:24

Health: -1/29      AC: 13    Str: 21    XL:     4   Next: 73%
Magic:  4/4        EV:  9    Int:  8    God:
Gold:   72         SH:  4    Dex:  9    Spells: 3/3 levels left

rFire   . . .      SeeInvis .   a - +0 war axe
rCold   . . .      Faith    .   c - +0 buckler
rNeg    + . .      Spirit   .   b - +0 scale mail
rPois   ∞          Reflect  .   (no helmet)
rElec   +          Harm     .   k - +2 cloak
rCorr   .          Rampage  .   (no gloves)
Will    .....                   (no boots)
Stlth   ..........              (no amulet)
HPRegen 0.09/turn               (no ring)
MPRegen 0.09/turn               (no ring)

@: no status effects
A: sickness immunity, AC +3, negative energy resistance 1, electricity
resistance, torment resistance 1, petrification resistance
a: no special abilities


You were on level 3 of the Dungeon.
You visited 1 branch of the dungeon, and saw 3 of its levels.

You collected 72 gold pieces.

Inventory:

Hand Weapons
 a - a +0 war axe (weapon)
Armour
 b - a +0 scale mail (worn)
 c - a +0 buckler (worn)
 k - a +2 cloak (worn)
 l - a scarf of repulsion
Scrolls
 f - a scroll of magic mapping {unknown}
 g - a scroll of vulnerability {unknown}
 h - 2 scrolls of teleportation {unknown}
Potions
 d - a potion of might
 e - a potion of magic {unknown}
 i - 2 potions of curing {unknown}
 j - a potion of ambrosia {unknown}


   Skills:
 + Level 3.9 Fighting
 + Level 3.0 Axes
 + Level 3.9 Armour
 + Level 3.9 Shields


You had 3 spell levels left.
You didn't know any spells.
Your spell library contained the following spells:

 Spells                   Type           Power      Damage    Failure   Level
 Fireball                 Conj/Fire      0%         3d3       100%        5
 Starburst                Conj/Fire      0%         6d3       100%        6
 Ignition                 Fire           0%         3d3       100%        8


Dungeon Overview and Level Annotations

Branches:
Dungeon (3/15)

Altars:


Innate Abilities, Weirdness & Mutations

You are immune to sickness and miasma.
Your stone body is resilient. (AC +3)
You are immune to poison.
You resist negative energy. (rN+)
You are resistant to electric shocks. (rElec)
You are resistant to unholy torment.
You are immune to petrification.


Message History

The bat hits you but does no damage. The gnoll closely misses you.
You block the rat's attack. You block the gnoll's attack.
You barely miss the gnoll.
The gnoll is heavily wounded.
You hit the gnoll. You barely miss the gnoll. You hit the rat.
You kill the rat!
The gnoll hits you but does no damage. x3
The gnoll hits you with a +0 flail of holy wrath.
The gnoll misses you.
Your scale mail prevents you from hitting the gnoll.
You barely miss the gnoll. x2; You block the gnoll's attack.
The gnoll hits you but does no damage. The gnoll hits you with a +0 flail!
You closely miss the gnoll. You hit the gnoll but do no damage.
You slash the gnoll!
You kill the gnoll!
You block the gnoll's attack. The gnoll hits you with a +0 flail.
The gnoll hits you but does no damage.
Unknown command.
You hit the gnoll.
The gnoll is heavily wounded.
You hit the gnoll. You block the gnoll's attack.
The gnoll hits you but does no damage. The gnoll hits you with a +0 flail.
* * * LOW HITPOINT WARNING * * *
Unknown command.
You hit the gnoll but do no damage.
The gnoll is heavily wounded.
You hit the gnoll but do no damage. The gnoll hits you but does no damage.
The gnoll closely misses you.
Unknown command.
You slash the gnoll!
You kill the gnoll!
You hit the gnoll. The bat hits you but does no damage.
The gnoll hits you but does no damage.
Your Axes skill increases to level 3!
Unknown command.
Unknown command.
You barely miss the gnoll.
The gnoll is moderately wounded.
The bat closely misses you. The gnoll hits you with a +0 flail.
You die...

.# #.# ###.##########
#...#......... ###
#.!...........
..#########)..#....)..w
#...........###?.....
###########...##)g#.##..
..### #.....@b.....#
....# #.##......####
.....# #.....###...#
............#### #..#
....####....# .... #####
#.....# #### #.##..


You could see a gnoll and a bat.

Vanquished Creatures
  2 gnolls (D:3)
  2 adders (D:2)
  2 dart slugs
  4 endoplasms
  3 giant cockroaches
  4 hobgoblins
  6 jackals
  4 quokkas
  4 ball pythons
  4 bats
  3 frilled lizards (D:2)
  9 goblins
  3 kobolds
  5 rats
55 creatures vanquished.

Notes
Turn   | Place    | Note
-------+----------+-------------------------------------------
     0 | D:1      | bande the Gargoyle Fighter began the quest for the Orb.
     0 | D:1      | Reached XP level 1. HP: 14/14 MP: 1/1
   340 | D:1      | Reached XP level 2. HP: 16/19 MP: 2/2
   445 | D:1      | Found a faded altar of an unknown god.
  1015 | D:1      | Reached XP level 3. HP: 22/24 MP: 3/3
  1578 | D:2      | Reached XP level 4. HP: 29/29 MP: 4/4
  2234 | D:3      | Slain by a gnoll

Illustrated notes

Levels and vault maps discovered:
D:1:      lightli_arrival_flooded_house, layout_loops_ring,
          dreamdust_ecumenical_altar_statues, minmay_quantized
D:2:      layout_basic
D:3:      layout_rooms, marbit_many_paths, uniq_ijyb

Skill      XL: |  1  2  3  4 |
---------------+-------------+-----
Axes           | 2 3 |  3.0
Fighting       | |  3.9
Armour         | |  3.9
Shields        | |  3.9

Action                   |  1- 3 |  4- 6 || total
-------------------------+-------+-------++-------
Melee: War axe           |   113 |    46 ||   159
Armor: Scale mail        |    65 |    41 ||   106
Dodge: Dodged            |    56 |    33 ||    89
Block: Buckler           |    29 |    15 ||    44

Table legend: (Time is in decaauts)
 A = Elapsed time spent in this place.
 B = Non-inter-level travel time spent in this place.
 C = Inter-level travel time spent in this place.
 D = Time resting spent in this place.
 E = Time spent auto-exploring this place.
 F = Levels seen in this place.
 G = Mean time per level.
                   A        B        C        D        E       F      G
               +--------+--------+--------+--------+--------+-----+--------+
         Total |   2296 |   2296 |      0 |     23 |   1839 |   3 |  765.3 |
       Dungeon |   2296 |   2296 |      0 |     23 |   1839 |   3 |  765.3 |
               +--------+--------+--------+--------+--------+-----+--------+

Top non-repeatable levels by time:
     D:2: 1115 daAuts
     D:1: 1114 daAuts
     D:3: 66 daAuts
